 Dungeon Crawl Stone Soup version 0.22-a0-247-gbddf880 (webtiles) character file.

1794 Amnesiac the Prestidigitator (level 8, -1/45 HPs)
             Began as a Deep Elf Artificer on Feb 24, 2018.
             Was an Initiate of Gozag.
             Splashed by a jelly's acid (10 damage)
             ... on level 7 of the Dungeon.
             The game lasted 00:18:22 (8970 turns).

Amnesiac the Prestidigitator (Deep Elf Artificer)   Turns: 8970, Time: 00:18:23

Health: -1/45      AC:  0    Str: 11    XL:     8   Next: 82%
Magic:  17/17      EV: 12    Int: 21    God:    Gozag
Gold:   1029       SH:  0    Dex: 15    Spells: 7/7 levels left

rFire    . . .     SeeInvis .   u - +1 arbalest
rCold    . . .     Gourm    .   (shield currently unavailable)
rNeg     . . .     Faith    .   z - -1 leather armour
rPois    .         Spirit   .   i - +0 helmet
rElec    .         Reflect  .   (no cloak)
rCorr    .         Harm     .   (no gloves)
MR       .....     Rnd*Tele +   n - +2 pair of boots
Stlth    ++........             (no amulet)
HPRegen  0.15/turn              q - -2 ring of protection
MPRegen  0.15/turn              r - ring "Eseettur" {*Tele Int+4 Slay+3}

@: corroded, gold aura
A: no striking features
a: Potion Petition, Call Merchant, Bribe Branch, Renounce Religion


You were on level 7 of the Dungeon.
You worshipped Gozag.
Gozag was most pleased with you.
You were hungry.

You visited 1 branch of the dungeon, and saw 7 of its levels.
You also visited: Sewer.

You collected 1080 gold pieces.
You paid 51 gold pieces to Gozag.

Inventory:

Hand Weapons
 o - the +1 great mace "Onututtu" {crush, +Blink SInv}
   (You found it on level 5 of the Dungeon)

   It inflicts extra damage upon your enemies.
   It lets you see invisible.
   It lets you blink.
 u - a +1 arbalest (weapon)
 G - a +0 blowgun
 J - a +2 dagger of protection
Missiles
 c - 73 poisoned needles
 g - 132 stones
 v - 69 bolts (quivered)
 w - 8 sling bullets
 D - 2 curare-tipped needles
 L - a throwing net
Armour
 a - the +2 pair of boots "Datuniw" {rC- MR+ rCorr, unknown}
   (You found it on level 6 of the Dungeon)

   It makes you vulnerable to cold.
   It affects your resistance to hostile enchantments.
   It protects you from acid and corrosion.
 b - a +0 leather armour
 i - a +0 helmet (worn)
 m - a +0 buckler
 n - a +2 pair of boots (worn)
 z - a -1 leather armour (worn)
Magical Staves
 e - an uncursed staff of cold
Jewellery
 h - an uncursed ring of fire {unknown}
 q - a -2 ring of protection (left hand)
 r - the ring "Eseettur" (right hand) {*Tele Int+4 Slay+3}
   (You found it on level 5 of the Dungeon)

   [ring of teleportation]

   It may teleport you next to monsters.
   It affects your intelligence (+4).
   It affects your accuracy and damage with ranged weapons and melee attacks
   (+3).
Wands
 d - a wand of enslavement (4)
 E - a wand of paralysis (16)
Scrolls
 j - 4 scrolls of fog {!r}
 t - 3 scrolls of identify {!r}
 x - 2 scrolls of magic mapping {!r, unknown}
 y - 4 scrolls of remove curse {!r}
 C - 2 scrolls of vulnerability {!r, unknown}
Potions
 k - a potion of ambrosia {!q, unknown}
 l - a potion of haste {!q}
 p - 2 potions of agility {!q}
 s - 3 potions of heal wounds {!q}
 A - 6 potions of flight {!q, unknown}
 B - 6 potions of curing {!q}
 F - 2 potions of might {!q, unknown}
 H - a potion of berserk rage {!q, unknown}
 I - a potion of degeneration {!q, unknown}
 K - a potion of magic {!q}
Comestibles
 f - 7 rations


   Skills:
 - Level 2.4 Fighting
 - Level 1.0 Short Blades
 - Level 2.9 Armour
 - Level 2.4 Dodging
 - Level 1.2 Stealth
 - Level 4.2 Shields
 + Level 10.2 Evocations


You had 7 spell levels left.
You didn't know any spells.

Dungeon Overview and Level Annotations

Branches:
Dungeon (7/15)             Temple (0/1) D:5

Altars:
Cheibriados
Fedhas
Gozag
Hepliaklqana
Makhleb
Ru
Trog
The Shining One


Message History

A jelly comes into view.
Firing (i - inventory. (/) - cycle)
v - 75 bolts (quivered)
Press: ? - help, Shift-Dir - straight line, f/p - bullfrog skeleton
Aim: a bullfrog skeleton (moderately damaged)
You shoot a bolt. The jelly quivers.
The bolt hits the bullfrog skeleton!
The bullfrog skeleton is heavily damaged.
The bullfrog skeleton hits you.
The bullfrog skeleton hits you but does no damage.
Firing (i - inventory. (/) - cycle)
v - 74 bolts (quivered)
Press: ? - help, Shift-Dir - straight line, f/p - bullfrog skeleton
Aim: a bullfrog skeleton (heavily damaged)
You shoot a bolt.
The bolt barely misses the bullfrog skeleton.
The bullfrog skeleton completely misses you.
The jelly barely misses you.
The bullfrog skeleton hits you but does no damage.
The jelly closely misses you.
The bullfrog skeleton closely misses you.
Firing (i - inventory. (/) - cycle)
v - 73 bolts (quivered)
Press: ? - help, Shift-Dir - straight line, f/p - bullfrog skeleton
Aim: a bullfrog skeleton (heavily damaged)
You shoot a bolt. The bolt hits the bullfrog skeleton!!
You destroy the bullfrog skeleton!
The jelly hits you.
You are splashed with acid!
The acid burns!
The jelly hits you but does no damage.
Firing (i - inventory. (/) - cycle)
v - 72 bolts (quivered)
Press: ? - help, Shift-Dir - straight line, f - jelly
Aim: a jelly You shoot a bolt.
The bolt hits the jelly.
The jelly is moderately wounded.
You hear a bark!
The jelly closely misses you. x2
A hound comes into view.
Firing (i - inventory. (/) - cycle)
v - 71 bolts (quivered)
Press: ? - help, Shift-Dir - straight line, f/p - jelly
Aim: a jelly (moderately wounded)
You shoot a bolt. The bolt hits the jelly!
The jelly is almost dead.
The jelly hits you.
You are splashed with acid!
The acid burns!
The jelly hits you.
* * * LOW HITPOINT WARNING * * *
You are splashed with acid!
The acid burns!
* * * LOW HITPOINT WARNING * * *
You are too injured to fight recklessly!
Unknown command.
Firing (i - inventory. (/) - cycle)
v - 70 bolts (quivered)
Press: ? - help, Shift-Dir - straight line, f/p - jelly
Aim: a jelly (almost dead)
You shoot a bolt. The bolt completely misses the jelly.
The bolt closely misses the hound.
The jelly hits you.
* * * LOW HITPOINT WARNING * * *
The acid corrodes you!
You are splashed with acid!
The acid burns!
* * * LOW HITPOINT WARNING * * *
The jelly closely misses you.
Unknown command.
Okay, then.
Really quaff
B - 7 potions of curing {!q}?
You feel better. The jelly hits you.
* * * LOW HITPOINT WARNING * * *
You are splashed with acid!
The acid burns!
You die...
Your body crumbles into a pile of gold.

#.# $ #(# $ #.#
.# # #.# .#
###.###.##.#
#....(.....##.#
...(..$h......#
$ #J#.# #@#.#
##..##.#.######
...............#
###..#########.#
#..# #.# #..#
#.# #..# ###.#
#..# #...#
#..#######.###


You could see a hound and a jelly.

Vanquished Creatures
  Menkaure (D:4)
  2 sky beasts
  2 phantoms
  3 ogres
  2 centaurs
  3 big kobolds (Sewer)
  A crimson imp (D:6)
  3 hounds
  A jelly (D:2)
  A bullfrog skeleton (D:7)
  3 orc wizards
  Jessica (D:2)
  3 worker ants
  2 worker ant zombies
  A gnoll (D:1)
  10 oozes
  11 adders
  2 shadow imps (D:6)
  3 worms
  2 dart slugs
  8 leopard geckos
  12 orcs
  6 bats
  10 giant cockroaches
  3 hobgoblins
  2 jackals (D:1)
  A quokka (D:2)
  5 ball pythons
  5 frilled lizards
  22 kobolds
  A leopard gecko skeleton (D:4)
  12 rats
144 creatures vanquished.

Vanquished Creatures (collateral kills)
  A crimson imp (D:2)
  A quokka (D:3)
2 creatures vanquished.

Vanquished Creatures (others)
  An ogre (D:2)
  2 jellies (D:2)
  A fungus (D:2)
  8 toadstools (D:2)
12 creatures vanquished.

Grand Total: 158 creatures vanquished

Notes
Turn   | Place    | Note
-------+----------+-------------------------------------------
     0 | D:1      | Amnesiac the Deep Elf Artificer began the quest for the Orb.
     0 | D:1      | Reached XP level 1. HP: 11/11 MP: 5/5
    41 | D:1      | Reached skill level 1 in Fighting
   386 | D:1      | Reached XP level 2. HP: 16/17 MP: 6/6
   807 | D:1      | Reached XP level 3. HP: 19/22 MP: 7/7
  1401 | D:4      | Reached skill level 1 in Armour
  1401 | D:4      | Reached skill level 4 in Evocations
  1401 | D:4      | Reached XP level 4. HP: 15/27 MP: 7/9
  1703 | D:4      | Found a blossoming altar of Fedhas.
  1711 | D:4      | Found a snail-covered altar of Cheibriados.
  1711 | D:4      | Found a glowing golden altar of the Shining One.
  1711 | D:4      | Found an opulent altar of Gozag.
  1718 | D:4      | Became a worshipper of Gozag Ym Sagoz the Greedy
  2118 | D:2      | Reached XP level 5. HP: 19/31 MP: 10/10
  2129 | D:2      | Reached skill level 5 in Evocations
  2219 | D:2      | HP: 1/31 [acid (5)]
  2730 | D:2      | Noticed Jessica
  2766 | D:2      | Killed Jessica
  3154 | D:2      | Reached XP level 6. HP: 24/36 MP: 12/12
  3159 | D:2      | Found a bloodstained altar of Trog.
  3579 | D:2      | Found a hazy altar of Hepliaklqana.
  4147 | D:3      | Found a sacrificial altar of Ru.
  4148 | D:3      | Noticed a sky beast
  4343 | D:3      | Reached skill level 1 in Shields
  5661 | D:4      | Noticed Menkaure
  5665 | D:4      | Killed Menkaure
  5884 | D:5      | Entered Level 5 of the Dungeon
  5890 | D:5      | Reached XP level 7. HP: 40/40 MP: 13/13
  5994 | D:5      | Got a transparent great mace
  6008 | D:5      | Got an ancient iron ring
  6009 | D:5      | Identified the ring "Eseettur" {*Tele Int+4 Slay+3} (You found it on level 5 of the Dungeon)
  6318 | D:5      | Found a burning altar of Makhleb.
  6318 | D:5      | Noticed a cacodemon
  6467 | D:5      | Reached skill level 6 in Evocations
  6480 | D:5      | Found a staircase to the Ecumenical Temple.
  6904 | D:5      | Reached skill level 7 in Evocations
  7259 | D:2      | Killed a sky beast
  7259 | D:2      | Reached XP level 8. HP: 36/45 MP: 15/15
  7427 | D:6      | Found a bloodstained altar of Trog.
  7466 | D:6      | Found a glowing drain.
  7511 | Sewer    | Entered a sewer
  7716 | Sewer    | Reached skill level 8 in Evocations
  7847 | Sewer    | Identified the cursed +1 great mace "Onututtu" {crush, +Blink SInv} (You found it on level 5 of the Dungeon)
  8008 | D:6      | Got a pair of slimy boots
  8043 | D:6      | Reached skill level 9 in Evocations
  8544 | D:6      | Reached skill level 10 in Evocations
  8969 | D:7      | HP: 2/45 [acid (8)]
  8970 | D:7      | Splashed by a jelly's acid

Vault maps used:
D:1:      nicolae_arrival_washed_ashore
D:2:      cheibrodos_fertilizer, marbit_many_paths, first_ration, serial_glass,
          glass_columns_c, glass_columns_a, trog_butcher_becter, uniq_jessica
D:3:      lemuel_round_altar
D:4:      gammafunk_temple_overflow_forgotten, lemuel_crystal_altar,
          uniq_menkaure
D:5:      makhleb_altar_promises_db, minmay_temple_entry_junction
D:6:      portal_sewer_entry_a, trog_book
D:7:      grunt_temple_overflow_open, serial_shops, shop
Sewer:    kennysheep_pipe_town

Skill      XL: |  1  2  3  4  5  6  7  8 |
---------------+-------------------------+-----
Fighting       | 1 2 |  2.4
Armour         | 1 2 |  2.9
Evocations     | 4 5 7 10 | 10.2
Shields        | 3 4 |  4.2
Short Blades   | |  1.0
Dodging        | |  2.4
Stealth        | |  1.2

Action                   |  1- 3 |  4- 6 |  7- 9 || total
-------------------------+-------+-------+-------++-------
Melee: Short sword       |   114 |   100 |       ||   214
       Staff             |       |   268 |       ||   268
 Fire: Arbalest          |       |    17 |   189 ||   206
Throw: Stone             |       |    12 |       ||    12
Invok: Potion Petition   |       |       |     1 ||     1
Evoke: Wand              |    17 |    19 |     7 ||    43
  Use: Scroll            |       |     4 |     3 ||     7
       Potion            |       |       |     6 ||     6
 Stab: Sleeping          |     4 |     3 |       ||     7
       Distracted        |       |     2 |       ||     2
       Paralysed         |       |     3 |       ||     3
  Eat: Chunk             |     2 |       |       ||     2
       Ration            |       |     5 |     2 ||     7
Armor: Leather armour    |    24 |    93 |    33 ||   150
Dodge: Dodged            |    88 |   204 |   106 ||   398
Block: Buckler           |       |     5 |       ||     5

Table legend:
 A = Spawn XP
 B = Non-spawn XP
 C = Spawn XP percentage of total XP
 D = Spawn monster count
 E = Non-spawn monster count
 F = Spawn count percentage of total count
 G = Total turns spent on level
                    A         B        C        D         E        F      G
               +---------+---------+-------+---------+---------+-------+---------
         Total |       0 |    2564 |   0.0 |       0 |     147 |   0.0 |  8970
               +---------+---------+-------+---------+---------+-------+---------
           D:1 |       0 |      48 |   0.0 |       0 |      17 |   0.0 |  1332
           D:2 |       0 |     460 |   0.0 |       0 |      40 |   0.0 |  2262
           D:3 |       0 |      70 |   0.0 |       0 |      14 |   0.0 |  1135
           D:4 |       0 |     310 |   0.0 |       0 |       9 |   0.0 |  1367
           D:5 |       0 |     709 |   0.0 |       0 |      21 |   0.0 |  1223
           D:6 |       0 |     546 |   0.0 |       0 |      18 |   0.0 |   932
           D:7 |       0 |      95 |   0.0 |       0 |       4 |   0.0 |   263
         Sewer |       0 |     326 |   0.0 |       0 |      24 |   0.0 |   456
               +---------+---------+-------+---------+---------+-------+---------
